 Dungeon Crawl Stone Soup version 0.19.3 (webtiles) character file.

902 Stolas the Fighter (level 7, -3/96 HPs)
             Began as a Demonspawn Berserker on Jan 22, 2017.
             Was a Priest of Trog.
             Slain by an orc warrior
             ... wielding a +0 war axe
              (15 damage)
             ... on level 4 of the Dungeon.
             The game lasted 00:08:06 (2449 turns).

Stolas the Fighter (Demonspawn Berserker)           Turns: 2449, Time: 00:08:08

Health: -3/96      AC: 10    Str: 24    XL:     7   Next: 80%
Magic:  7/7        EV: 10    Int:  8    God:    Trog [***...]
Gold:   234        SH:  0    Dex: 13    Spells: 0 memorised, 6 levels left

rFire  . . .     SeeInvis .     a - +1 falchion
rCold  . . .     Gourm    .     f - +1 scale mail
rNeg   . . .     Faith    .     (no shield)
rPois  .         Spirit   .     (no helmet)
rElec  .         Reflect  .     p - +2 cloak
rCorr  .         Harm     .     (no gloves)
MR     .....                    (no boots)
Stlth  ..........               (no amulet)
                                (no ring)
                                i - ring of loudness (curse)

@: berserking, very quick
A: powered by death 2, spiny 2
a: Berserk, Trog's Hand, Burn Spellbooks, Renounce Religion


You were on level 4 of the Dungeon.
You worshipped Trog.
Trog was most pleased with you.
You were very hungry.

You visited 1 branch of the dungeon, and saw 4 of its levels.

You collected 234 gold pieces.

Inventory:

Hand Weapons
 a - a +1 falchion (weapon)
Armour
 b - a +0 animal skin
 f - a +1 scale mail (worn)
 p - a +2 cloak (worn)
 x - a +0 ring mail of magic resistance
Jewellery
 i - a cursed ring of loudness (left hand)
Scrolls
 l - a scroll of identify
 m - 2 scrolls of teleportation
 q - 2 scrolls of fear
 v - a scroll of enchant weapon
Potions
 e - a potion of magic
 g - a potion of might {unknown}
 j - a potion of invisibility {unknown}
 k - 3 potions of curing {unknown}
 n - a potion of degeneration {unknown}
 r - a potion of lignification {unknown}
 s - a potion of haste {unknown}
 u - a potion of agility {unknown}
Comestibles
 c - 3 bread rations
 d - a beef jerky
 h - a royal jelly
 o - a meat ration
 t - 4 fruits


   Skills:
 * Level 9.4 Fighting
 - Level 2.6 Long Blades
 - Level 1.7 Armour
 - Level 1.7 Dodging


You had 6 spell levels left.
You didn't know any spells.

Dungeon Overview and Level Annotations

Branches:
Dungeon (4/15)
 Temple: D:4-7

Altars:
Elyvilon
Okawaru


Innate Abilities, Weirdness & Mutations

You regenerate health from kills.
You are mostly covered in sharp spines.


Message History

You barely miss the orc warrior.
The orc warrior is lightly wounded.
The orc warrior is struck by your spines.
The orc warrior hits you with a war axe!
* * * LOW HITPOINT WARNING * * *
A red film seems to cover your vision as you go berserk!
You feel yourself moving faster!
You feel mighty!
You are feeling very hungry.
The orc warrior is struck by your spines.
The orc warrior closely misses you.
You are too injured to fight recklessly!
You are too injured to fight recklessly!
You are too injured to fight recklessly!
You are too injured to fight recklessly!
You are too injured to fight recklessly!
You are too injured to fight recklessly!
You slash the orc warrior!
The orc warrior is severely wounded.
The orc warrior hits you with a war axe!
You die...

## .. ##########.#
#.......@..# #
#.#######o.# #
#...#......... #
#.....###..###..
#### #..........#
#...
#########.....###.#
#... ......##.(..##
.. #..<
#.##.##.#.## ##
###. #........# ..#
#.


You could see an orc warrior.

Vanquished Creatures
  The ghost of Kyobi the Slasher, a novice HOFi (D:4)
  An ogre (D:4)
  A centaur (D:3)
  A crimson imp (D:4)
  3 orc priests
  5 orc wizards
  An iguana (D:4)
  2 worker ants (D:4)
  3 adders
  5 worms
  3 dart slugs
  6 leopard geckos
  4 orcs (D:3)
  2 giant cockroaches
  3 goblins
  9 hobgoblins
  6 jackals
  5 kobolds
  2 ball pythons
  7 bats
  5 frilled lizards
  12 rats
87 creatures vanquished.

Notes
Turn   | Place    | Note
-------+----------+-------------------------------------------
     0 | D:1      | Stolas the Demonspawn Berserker began the quest for the Orb.
     0 | D:1      | Reached XP level 1. HP: 18/18 MP: 1/1
   217 | D:1      | Gained mutation: You regenerate a little health from kills. [demonic ancestry]
   217 | D:1      | Reached XP level 2. HP: 13/24 MP: 2/2
   562 | D:1      | Reached skill level 4 in Fighting
   746 | D:2      | Found an iron altar of Okawaru.
   753 | D:2      | Gained mutation: You are partially covered in sharp spines. [demonic ancestry]
   753 | D:2      | Reached XP level 3. HP: 30/30 MP: 3/3
   774 | D:2      | Reached ** piety under Trog
  1051 | D:2      | Found a white marble altar of Elyvilon.
  1298 | D:3      | Reached XP level 4. HP: 35/38 MP: 4/4
  1328 | D:3      | Reached skill level 5 in Fighting
  1407 | D:3      | Reached XP level 5. HP: 36/46 MP: 5/5
  1408 | D:3      | Reached skill level 6 in Fighting
  1503 | D:3      | Noticed a centaur
  1513 | D:3      | Killed a centaur
  1588 | D:3      | Gained mutation: You are mostly covered in sharp spines. [demonic ancestry]
  1588 | D:3      | Reached XP level 6. HP: 26/53 MP: 6/6
  1596 | D:3      | Reached *** piety under Trog
  1847 | D:4      | Reached skill level 7 in Fighting
  1857 | D:4      | Noticed Kyobi's ghost (novice HOFi)
  1880 | D:4      | Killed Kyobi's ghost
  1880 | D:4      | Reached skill level 8 in Fighting
  1880 | D:4      | Gained mutation: You regenerate health from kills. [demonic ancestry]
  1880 | D:4      | Reached XP level 7. HP: 29/63 MP: 7/7
  2102 | D:4      | Reached skill level 9 in Fighting
  2449 | D:4      | Slain by an orc warrior

Skill      XL: |  1  2  3  4  5  6  7 |
---------------+----------------------+-----
Fighting       | 4 5 6 8 9 |  9.4
Long Blades    | |  2.6
Armour         | |  1.7
Dodging        | |  1.7

Action                   |  1- 3 |  4- 6 |  7- 9 || total
-------------------------+-------+-------+-------++-------
Melee: Falchion          |   116 |    69 |    53 ||   238
Invok: Berserk           |       |     2 |     2 ||     4
  Use: Scroll            |     4 |     2 |     1 ||     7
  Eat: Chunk             |     1 |     3 |     4 ||     8
Armor: Animal skin       |    14 |       |       ||    14
       Scale mail        |    22 |    26 |    17 ||    65
Dodge: Dodged            |    74 |    26 |    19 ||   119
       Rpst.: Falchion   |    23 |     7 |     7 ||    37
